 Dungeon Crawl Stone Soup version 0.31-a0-177-g4aa6249778 (webtiles) character file.

Game seed: 15757747012187250984

278 qw the Chopper (level 6, -1/39 HPs)
             Began as a Gargoyle Fighter on June 18, 2023.
             Splashed by a jelly's acid (2 damage)
             ... on level 3 of the Dungeon.
             The game lasted 00:01:17 (2508 turns).

qw the Chopper (Gargoyle Fighter)                   Turns: 2508, Time: 00:01:17

Health: -1/39      AC:  8    Str: 22    XL:     6   Next: 26%
Magic:  6/6        EV:  9    Int:  8    God:
Gold:   142        SH:  4    Dex:  9    Spells: 5/5 levels left

rFire   . . .        Y - +0 war axe
rCold   . . .        c - +0 buckler
rNeg    + . .        b - +0 scale mail
rPois   inf          (no helmet)
rElec   +            (no cloak)
rCorr   .            i - +0 pair of gloves
SInv    .            (no boots)
Will    .....        (no amulet) Stlth
                     (no ring)
HPRegen 0.26/turn    (no ring)
MPRegen 0.10/turn

%: no passive effects
@: corroded
A: sickness immunity, AC +4, negative energy resistance 1, electricity
resistance, torment resistance 1, petrification resistance
a: no special abilities


You were on level 3 of the Dungeon.
You visited 1 branch of the dungeon, and saw 3 of its levels.

You collected 142 gold pieces.


Innate Abilities, Weirdness & Mutations

You are immune to sickness and miasma.
Your stone body is resilient. (AC +4)
You are immune to poison.
You resist negative energy. (rN+)
You are resistant to electric shocks. (rElec)
You are resistant to unholy torment.
You are immune to petrification.


   Skills:
 - Level 4.3 Fighting
 - Level 5.1 Axes
 - Level 3.2 Armour
 + Level 0.8 Dodging
 - Level 3.2 Shields


You had 5 spell levels left.
You didn't know any spells.
Your spell library was empty.

Inventory:

Hand Weapons
 m - a +0 whip
 Y - a +0 war axe (weapon)
Armour
 b - a +0 scale mail (worn)
 c - a +0 buckler (worn)
 i - a +0 pair of gloves (worn)
 k - a +0 chain mail
Scrolls
 a - a scroll of blinking {unknown}
 f - a scroll of fog {unknown}
Potions
 d - a potion of might
 e - 2 potions of heal wounds {unknown}
 g - a potion of curing {unknown}
 h - a potion of mutation {unknown}
 j - a potion of degeneration {unknown}
 l - 2 potions of resistance

Dungeon Overview and Level Annotations

Branches:
Dungeon (3/15)

Altars:

Annotations:
D:3 2 transporters, qw's ghost, weakling GrHu


Message History

The fungus begins to die.
The endoplasm hits the fungus. x2
The fungus begins to die.
The endoplasm hits the fungus.
You hit the jelly.
Your hands burn!
The jelly is severely wounded.
You hit the fungus. The jelly closely misses you.
The endoplasm hits the fungus. x3
The jelly hits you but does no damage.
The endoplasm jiggles.
The endoplasm hits the fungus. x4; The jelly hits you.
You are splashed with acid!
The endoplasm hits the toadstool.
The toadstool is destroyed!
You barely miss the jelly.
The jelly is severely wounded.
You hit the fungus. You slash the jelly!
Your hands burn!
A nearby fungus withers and dies.
You block the jelly's attack.
The endoplasm hits the fungus.
The jelly hits you but does no damage.
You slash the jelly!
You kill the jelly!
You barely miss the jelly. You hit the endoplasm.
A nearby fungus withers and dies. x3; The jelly hits you.
You are splashed with acid!
The endoplasm hits you but does no damage.
Your Fighting skill increases to level 4!
You have reached level 6!
You hit the jelly.
Your hands burn!
The jelly is severely wounded.
You hit the endoplasm but do no damage. The endoplasm freezes you.
You are frozen.
The jelly barely misses you.
The endoplasm hits the fungus.
The fungus begins to die.
You slash the jelly!
You kill the jelly!
You hit the endoplasm.
The endoplasm hits the fungus.
The endoplasm freezes you.
You are frozen.
The endoplasm hits the fungus.
The endoplasm hits you but does no damage.
The endoplasm hits the fungus. x2
You hit the jelly. The acid corrodes you!
Your hands burn!
You die...

.....##......# ####'#####......#
.....##%.....# #.#####......#
.............# #....##......#
....##.......# ####..........
##'###.......# ###%######% ##.#
#......## #.# #. ##.# ########
########.######. ##.#
##########......##.##.....
##.#####......##@JJP%P.##.##.....
.#.#.##.......#.#JJJ...##.##.....
...#.)))......#.#JJ%P.P##.##.....
.....'.)......#.#J.....##.##.....
...#.'))....#'#.#P...PP##.##.....
'#.#.##.....#.#.#.%..%.##.##.....
.#.#####....#.#.#...PP.##.##.....
.#.# #######)##.....(##.##.....
.#.# ### #.##.....


You could see a jelly and 7 endoplasms.

Vanquished Creatures
  A scorpion (D:3)
  2 jellies (D:3)
  An orc priest (D:3)
  A sleepcap (D:3)
  A gnoll (D:1)
  3 adders
  3 dart slugs
  3 orcs (D:3)
  2 ball pythons (D:1)
  6 endoplasms
  A giant cockroach (D:2)
  6 goblins
  6 hobgoblins
  2 jackals (D:1)
  2 quokkas
  3 bats
  3 frilled lizards
  11 kobolds
  4 rats
61 creatures vanquished.

Notes
Turn   | Place    | Note
-------+----------+-------------------------------------------
     0 | D:1      | qw the Gargoyle Fighter began the quest for the Orb.
     0 | D:1      | Reached XP level 1. HP: 14/14 MP: 1/1
     0 | D:1      | 0 ||| qw: Version: 0.3-a-7-ge0c9b40
     0 | D:1      | 0 ||| qw: Game counter: 773
     0 | D:1      | 0 ||| qw: Always use a shield: true
     0 | D:1      | 0 ||| qw: God list: Okawaru
     0 | D:1      | 0 ||| qw: Allow faded altars: false
     0 | D:1      | 0 ||| qw: Do Orc after D:15 true
     0 | D:1      | 0 ||| qw: Do second Lair branch before Depths: true
     0 | D:1      | 0 ||| qw: Lair rune preference: random
     0 | D:1      | 0 ||| qw: Plans: Normal, Zot:1-4, Slime:5, God:TSO, Crypt,
                  | Tomb, Abyss, Pan, Hells, Win
     0 | D:1      | 0 ||| PLANNING D:1-11
    19 | D:1      | 19 ||| Stepping ~*~*~tactically~*~*~ (hiding).
    20 | D:1      | 20 ||| Stepping ~*~*~tactically~*~*~ (hiding).
    28 | D:1      | HP: 1/14 [gnoll/+0 spear (3)]
    30 | D:1      | Reached skill level 2 in Axes
    30 | D:1      | Reached XP level 2. HP: 2/19 MP: 2/2
   178 | D:1      | 178 ||| Stepping ~*~*~tactically~*~*~ (hiding).
   327 | D:1      | Reached skill level 3 in Axes
   465 | D:1      | Reached XP level 3. HP: 23/23 MP: 3/3
   479 | D:1      | 479 ||| Stepping ~*~*~tactically~*~*~ (stealth).
   482 | D:1      | 482 ||| Stepping ~*~*~tactically~*~*~ (stealth).
   488 | D:1      | 488 ||| DROPPING +0 club.
   618 | D:1      | 618 ||| DROPPING ring of wizardry.
   619 | D:1      | 619 ||| READING scroll labelled WOATUN KADA.
   620 | D:1      | 620 ||| READING scroll labelled LELEUP WILEILAV.
   621 | D:1      | 621 ||| READING scroll labelled QUBUIR VAWKUO.
   638 | D:1      | 638 ||| READING scroll labelled LEVOXK YFOOCS.
   655 | D:2      | Found a faded altar of an unknown god.
   708 | D:2      | 708 ||| Stepping ~*~*~tactically~*~*~ (stealth).
   715 | D:2      | 715 ||| Stepping ~*~*~tactically~*~*~ (stealth).
  1100 | D:2      | 1100 ||| Stepping ~*~*~tactically~*~*~ (hiding).
  1649 | D:2      | 1649 ||| Stepping ~*~*~tactically~*~*~ (stealth).
  1754 | D:2      | 1754 ||| UPGRADING to +0 pair of gloves.
  1759 | D:2      | 1759 ||| READING scroll labelled GOLOESH NUYLYJ.
  1760 | D:2      | 1760 ||| READING scroll labelled VIDYRCH FAONOL.
  1761 | D:2      | 1761 ||| READING scroll labelled OGAADU VARADE.
  1762 | D:2      | 1762 ||| DRINKING 2 bubbling ruby potions.
  1867 | D:2      | 1867 ||| DRINKING 3 brown potions.
  1868 | D:2      | 1868 ||| DROPPING potion of berserk rage.
  1916 | D:3      | Reached XP level 4. HP: 24/28 MP: 4/4
  1946 | D:3      | 1946 ||| Stepping ~*~*~tactically~*~*~ (stealth).
  1948 | D:3      | 1948 ||| Stepping ~*~*~tactically~*~*~ (stealth).
  1949 | D:3      | 1949 ||| Stepping ~*~*~tactically~*~*~ (stealth).
  1951 | D:3      | 1951 ||| Stepping ~*~*~tactically~*~*~ (stealth).
  1974 | D:3      | Reached skill level 4 in Axes
  1983 | D:3      | Reached XP level 5. HP: 16/32 MP: 5/5
  2099 | D:3      | Reached skill level 5 in Axes
  2192 | D:3      | Found a transporter.
  2241 | D:3      | Noticed qw's ghost (weakling GrHu)
  2242 | D:3      | Found a transporter.
  2381 | D:3      | 2381 ||| Stepping ~*~*~tactically~*~*~ (stealth).
  2473 | D:3      | 2473 ||| Stepping ~*~*~tactically~*~*~ (hiding).
  2505 | D:3      | HP: 8/33 [acid (9)]
  2506 | D:3      | Reached XP level 6. HP: 9/39 MP: 6/6
  2506 | D:3      | HP: 3/39 [frozen (4)]
  2507 | D:3      | HP: 1/39 [frozen (2)]
  2508 | D:3      | Splashed by a jelly's acid

Levels and vault maps discovered:
D:1:      lightli_arrival_quake, layout_rooms
D:2:      layout_basic, ebering_ecumenical_altar_mist, dk_noncrumbling_3,
          hex_medium, glass_columns_a, grunt_ministairs_8
D:3:      cheibrodos_fertilizer, layout_basic, gammafunk_ghost_arena

Skill      XL: |  1  2  3  4  5 |
---------------+----------------+-----
Axes           | 2 3 4 5 |  5.1
Fighting       | 4 |  4.3
Armour         | |  3.2
Dodging        | |  0.8
Shields        | |  3.2

Action                     |  1- 3 |  4- 6 || total
---------------------------+-------+-------++-------
  Melee: War axe           |   100 |   104 ||   204
    Use: Scroll            |     7 |       ||     7
         Potion            |     2 |       ||     2
 Armour: Scale mail        |    42 |    63 ||   105
  Dodge: Dodged            |    50 |    41 ||    91
  Block: Buckler           |    16 |    19 ||    35

Table legend:
 A = Non-vault XP
 B = Vault XP
 C = Vault XP percentage of total XP
 D = Non-vault monster count
 E = Vault monster count
 F = Vault count percentage of total count
                 A         B        C        D         E       F
            +---------+---------+-------+---------+---------+-------
      Total |     296 |     102 |  25.6 |      49 |      12 |  19.7
            +---------+---------+-------+---------+---------+-------
        D:1 |      39 |       0 |   0.0 |      15 |       0 |   0.0
        D:2 |      39 |       1 |   2.5 |      14 |       1 |   6.7
        D:3 |     218 |     101 |  31.7 |      20 |      11 |  35.5
            +---------+---------+-------+---------+---------+-------
